 Dungeon Sprint DCSS version 0.29-a0-322-g68df515428 (webtiles) character file.

Game seed: 2495015717391687214

79 rocky1 the Geomancer (level 4, -14/24 HPs)
             Began as a Gargoyle Earth Elementalist on Apr 8, 2022.
             Was a Believer of Sif Muna.
             Demolished by an ogre
             ... wielding a +0 giant club
              (21 damage)
             ... in the Dungeon (Sprint VII: "The Pits").
             The game lasted 00:02:13 (373 turns).

rocky1 the Geomancer (Gargoyle Earth Elementalist)   Turns: 373, Time: 00:02:14

Health: -14/24     AC:  5    Str: 11    XL:     4   Next: 38%
Magic:  2/7        EV: 11    Int: 18    God:    Sif Muna [**....]
Gold:   0          SH:  0    Dex: 10    Spells: 6/7 levels left

rFire   . . .      SeeInvis .   k - +1 quarterstaff (protect)
rCold   . . .      Faith    .   (shield currently unavailable)
rNeg    + . .      Spirit   .   b - +0 robe
rPois   ∞          Reflect  .   (no helmet)
rElec   +          Harm     .   (no cloak)
rCorr   .          Rampage  .   (no gloves)
Will    .....      NoTele   +   (no boots)
Stlth   ++........              (no amulet)
HPRegen 0.08/turn               (no ring)
MPRegen 0.10/turn               (no ring)

@: no status effects
A: sickness immunity, AC +3, negative energy resistance 1, electricity
resistance, torment resistance 1, petrification resistance
a: Renounce Religion, Channel Magic


You were in the Dungeon.
You worshipped Sif Muna.
Sif Muna was pleased with you.
You visited 1 branch

Inventory:

Hand Weapons
 k - a +1 quarterstaff of protection (weapon)
Missiles
 a - 25 stones
Armour
 b - a +0 robe (worn)
Scrolls
 i - 5 scrolls of amnesia
 j - a scroll of summoning
Potions
 c - 4 potions of magic
 d - 6 potions of curing
 e - 5 potions of heal wounds
 f - a potion of haste
 g - 3 potions of berserk rage
 h - 2 potions of invisibility


   Skills:
 - Level 1.5 Dodging
 - Level 2.1 Stealth
 - Level 2.0 Spellcasting
 - Level 0.7 Transmutations
 + Level 10.5 Earth Magic


You had 6 spell levels left.
You knew the following spells:

 Your Spells              Type           Power      Damage    Failure   Level
a - Sandblast             Erth           78%        2d17      1%          1

Your spell library contained the following spells:

 Spells                   Type           Power      Damage    Failure   Level
 Passwall                 Tmut/Erth      18%        N/A       2%          2
 Stone Arrow              Conj/Erth      40%        3d9       6%          3
 Petrify                  Tmut/Erth      22%        N/A       19%         4


Dungeon Overview and Level Annotations

Branches:
Dungeon (1/1)

Altars:
Ashenzari
Cheibriados
Dithmenos
Elyvilon
Fedhas
Gozag
Hepliaklqana
Kikubaaqudgha
Makhleb
Nemelex Xobeh
Okawaru
Qazlal
Ru
Sif Muna
Trog
Uskayaw
Vehumet
Wu Jian
Xom
Yredelemnul
Zin
The Shining One
Beogh
Jiyva
Lugonu


Innate Abilities, Weirdness & Mutations

You are immune to sickness and miasma.
Your stone body is resilient. (AC +3)
You are immune to poison.
You resist negative energy. (rN+)
You are resistant to electric shocks. (rElec)
You are resistant to unholy torment.
You are immune to petrification.


Message History

Blork the orc hits you with a +0 long sword of draining.
Blork the orc hits you with a +0 long sword of draining!
* * * LOW HITPOINT WARNING * * *
Unknown command.
Casting: Sandblast (safe; 1% risk of failure)
Confirm with . or Enter, or press ? or * to list all spells.
Aiming: Sandblast (safe; 1% risk of failure)
Press: ? - help, Shift-Dir - straight line, f/p - Blork the orc
Aim: Blork the orc, wielding a +0 long sword of draining and wearing a +0 robe (severely wounded, fast, 83% to hit)
The blast of sand misses Blork the orc.
The blast of sand hits the ogre!
The ogre is moderately wounded.
The jackal barks!
Blork the orc screams, "I'll eat your brain!
And then I'll vomit it back up!"
Blork the orc barely misses you.
Casting: Sandblast (safe; 1% risk of failure)
Confirm with . or Enter, or press ? or * to list all spells.
Aiming: Sandblast (safe; 1% risk of failure)
Press: ? - help, Shift-Dir - straight line, f/p - Blork the orc
Aim: Blork the orc, wielding a +0 long sword of draining and wearing a +0 robe (severely wounded, fast, 83% to hit)
The blast of sand hits Blork the orc!!
You kill Blork the orc!
Sif Muna accepts your kill.
Your Earth Magic skill gained 3 levels and is now at level 10!
You have reached level 3!
Your experience leads to an increase in your attributes!
Increase (S)trength, (I)ntelligence, or (D)exterity?
You feel clever. x2
You have reached level 4!
You feel clever.
Unknown command.
Casting: Sandblast (safe; 1% risk of failure)
Confirm with . or Enter, or press ? or * to list all spells.
Aiming: Sandblast (safe; 1% risk of failure)
Press: ? - help, Shift-Dir - straight line, f - ogre
Aim: an ogre, wielding a +0 giant club (moderately wounded, 91% to hit)
The blast of sand hits the ogre!
The ogre is heavily wounded.
The ogre hits you with a +0 giant club!!
Ouch! That really hurt!
You die...

#.?..')))'.##.....
##########.##.....
#...........'.....
#'#####'#####.....
#.#.....#..##.....
#.#.....#))#####'#
#.###'###.)##.....
#.#.....#))##.....
#@#....†#[[##.....
#O####)##'###...<.
#h#........##.....
#o#........##.....
#'###########.....
#5{.....# ######
#Wh###..# #....
##h###


You could see an orc warrior, an ogre, a phantom, a white imp and 2 jackals.

Vanquished Creatures
  Blork the orc (D)
  A river rat (D)
  A bat (D)
  A giant cockroach (D)
  A goblin (D)
  A ball python zombie (D)
  2 frilled lizards (D)
  A quokka zombie (D)
  A rat (D)
10 creatures vanquished.

Notes
Turn   | Place    | Note
-------+----------+-------------------------------------------
     0 | D        | rocky1 the Gargoyle Earth Elementalist began the quest for
                  | the Orb.
     0 | D        | Reached XP level 1. HP: 10/10 MP: 3/3
    21 | D        | Noticed a wolf
    21 | D        | Noticed a wolf
    21 | D        | Noticed a wolf
    21 | D        | Noticed a wolf
    21 | D        | Noticed a water moccasin
    21 | D        | Noticed a ynoxinul
    40 | D        | Reached skill level 4 in Earth Magic
    46 | D        | Found a bloodstained altar of Trog.
    46 | D        | Found a shimmering blue altar of Sif Muna.
    46 | D        | Found a viscous altar of Jiyva.
    46 | D        | Found a hazy altar of Hepliaklqana.
    46 | D        | Found an opulent altar of Gozag.
    47 | D        | Found a glowing golden altar of the Shining One.
    47 | D        | Found a glowing silver altar of Zin.
    47 | D        | Found a basalt altar of Yredelemnul.
    47 | D        | Found a shimmering altar of Xom.
    47 | D        | Found an ornate altar of the Wu Jian Council.
    47 | D        | Found a sacrificial altar of Ru.
    47 | D        | Found a stormy altar of Qazlal.
    47 | D        | Found an iron altar of Okawaru.
    47 | D        | Found a sparkling altar of Nemelex Xobeh.
    47 | D        | Found a burning altar of Makhleb.
    47 | D        | Found a blossoming altar of Fedhas.
    47 | D        | Found a white marble altar of Elyvilon.
    47 | D        | Found a shadowy altar of Dithmenos.
    47 | D        | Found a snail-covered altar of Cheibriados.
    49 | D        | Found a radiant altar of Vehumet.
    49 | D        | Found a corrupted altar of Lugonu.
    50 | D        | Found a hide-covered altar of Uskayaw.
    50 | D        | Found an ancient bone altar of Kikubaaqudgha.
    50 | D        | Found a broken altar of Ashenzari.
    52 | D        | Became a worshipper of Sif Muna the Loreminder
   121 | D        | Reached * piety under Sif Muna
   122 | D        | Reached skill level 5 in Earth Magic
   155 | D        | Reached skill level 6 in Earth Magic
   155 | D        | Reached XP level 2. HP: 14/15 MP: 1/5
   165 | D        | Reached ** piety under Sif Muna
   181 | D        | Reached skill level 7 in Earth Magic
   357 | D        | Noticed Blork the orc
   358 | D        | Noticed an ogre
   358 | D        | Noticed a phantom
   358 | D        | Noticed an orc warrior
   372 | D        | Killed Blork the orc
   373 | D        | Reached skill level 10 in Earth Magic
   373 | D        | Reached XP level 3. HP: 5/19 MP: 3/6
   373 | D        | Reached XP level 4. HP: 6/24 MP: 3/7
   373 | D        | Demolished by an ogre

Illustrated notes

Levels and vault maps discovered:
D:        pitsprint [storerooms_1, entrance_room_1, metal_vault_1, armoury_1,
          mini_pit_1, grid_room_1, main_hall_1, silver_pit, the_coven_1,
          the_vestibule_1, steel_vault_4, golden_pit, hallway_of_sentries,
          crystal_vault_3, iron_vault_4, final_vault]

Skill      XL: |  1  2 |
---------------+-------+-----
Earth Magic    | 6 10 | 10.5
Dodging        | |  1.5
Stealth        | |  2.1
Spellcasting   | |  2.0
Transmutations | |  0.7

Action                   |  1- 3 |  4- 6 || total
-------------------------+-------+-------++-------
Melee: Unarmed           |    23 |       ||    23
 Cast: Sandblast         |    14 |     1 ||    15
  Use: Scroll            |     1 |       ||     1
       Potion            |     2 |       ||     2
Armor: Robe              |    17 |       ||    17
Dodge: Dodged            |    35 |       ||    35

Table legend: (Time is in decaauts)
 A = Elapsed time spent in this place.
 B = Non-inter-level travel time spent in this place.
 C = Inter-level travel time spent in this place.
 D = Time resting spent in this place.
 E = Time spent auto-exploring this place.
 F = Levels seen in this place.
 G = Mean time per level.
                   A        B        C        D        E       F      G
               +--------+--------+--------+--------+--------+-----+--------+
         Total |    372 |    354 |     18 |    144 |     21 |   1 |  372.0 |
       Dungeon |    372 |    354 |     18 |    144 |     21 |   1 |  372.0 |
               +--------+--------+--------+--------+--------+-----+--------+

Top non-repeatable levels by time:
       D: 372 daAuts
